 Dungeon Crawl Stone Soup version 0.22-a0-422-g9628fc8 (webtiles) character file.

497 Borgoz the Skirmisher (level 7, -1/44 HPs)
             Began as a Gargoyle Abyssal Knight on May 19, 2018.
             Was a Believer of Lugonu.
             Killed by divine providence
             ... invoked by an orc priest
              (9 damage)
             ... on level 5 of the Dungeon.
             The game lasted 00:05:11 (3358 turns).

Borgoz the Skirmisher (Gargoyle Abyssal Knight)     Turns: 3358, Time: 00:05:12

Health: -1/44      AC:  8    Str: 16    XL:     7   Next: 16%
Magic:  9/9        EV: 12    Int: 12    God:    Lugonu [**....]
Gold:   294        SH:  0    Dex: 11    Spells: 6/6 levels left

rFire    . . .     SeeInvis .   a - +1 hand axe
rCold    . . .     Gourm    .   (no shield)
rNeg     + . .     Faith    +   b - +0 leather armour
rPois    ∞         Spirit   .   (no helmet)
rElec    +         Reflect  .   (no cloak)
rCorr    .         Harm     .   (no gloves)
MR       ++...                  (no boots)
Stlth    +.........             t - amulet of faith
HPRegen  0.14/turn              p - ring of protection from magic
MPRegen  0.11/turn              w - ring of protection from magic

@: no status effects
A: negative energy resistance 1, electricity resistance, unbreathing,
petrification resistance, rot immunity, AC +4
a: Depart the Abyss, Bend Space, Renounce Religion


You were on level 5 of the Dungeon.
You worshipped Lugonu.
Lugonu was pleased with you.
You were not hungry.

You visited 1 branch of the dungeon, and saw 5 of its levels.
You visited the Abyss 1 time.

You collected 294 gold pieces.

Inventory:

Hand Weapons
 a - a +1 hand axe (weapon)
Armour
 b - a +0 leather armour (worn)
Jewellery
 p - a ring of protection from magic (left hand)
 s - an uncursed ring of protection from cold
 t - an amulet of faith (around neck)
 w - a ring of protection from magic (right hand)
Wands
 d - a wand of enslavement (17)
 f - a wand of scattershot (2)
Scrolls
 h - 2 scrolls of teleportation {unknown}
 i - a scroll of blinking {unknown}
 j - 3 scrolls of identify {unknown}
 m - 2 scrolls of noise {unknown}
 n - 2 scrolls of remove curse {unknown}
 o - 3 scrolls of fog
 q - 3 scrolls of enchant weapon {unknown}
 r - a scroll of magic mapping {unknown}
 u - 2 scrolls of enchant armour {unknown}
Potions
 e - a potion of might {unknown}
 k - a potion of ambrosia {unknown}
 l - 2 potions of flight {unknown}
Comestibles
 c - 9 rations
 v - 4 chunks of flesh


   Skills:
 + Level 4.4 Fighting
 * Level 3.9 Axes
 + Level 3.6 Armour
 * Level 3.2 Dodging
 + Level 3.4 Invocations


You had 6 spell levels left.
You didn't know any spells.
Your spell library contained the following spells:

 Spells                   Type           Power        Failure   Level  Hunger
 Throw Frost              Conj/Ice       #.....       52%         2    ###....
 Freeze                   Ice            #...         36%         1    ##.....
 Summon Ice Beast         Ice/Summ       #.......     98%         4    #####..
 Ozocubu's Armour         Chrm/Ice       #.......     75%         3    ####...
 Throw Icicle             Conj/Ice       #.......     98%         4    #####..


Dungeon Overview and Level Annotations

Branches:
Dungeon (5/15)
 Temple: D:4-7

Altars:
Makhleb
Qazlal
Sif Muna
Vehumet
Wu Jian


Innate Abilities, Weirdness & Mutations

You are resistant to torment.
Your stone body is resilient. (AC +4)
You are immune to poison.
You resist negative energy. (rN+)
You are resistant to electric shocks. (rElec)
You can survive without breathing.
You are immune to petrification.
You are immune to rotting.


Message History

You hit the orc priest but do no damage.
The orc priest hits you but does no damage.
You hit the orc priest but do no damage.
The orc priest misses you.
You hit the orc priest but do no damage.
The orc priest hits you with a trident.
* * * LOW HITPOINT WARNING * * *
You hit the orc priest.
The orc priest is moderately wounded.
The orc priest closely misses you.
Your leather armour prevents you from hitting the orc priest.
The orc priest is lightly wounded.
The orc priest invokes the aid of Beogh against you.
Beogh smites you!
* * * LOW HITPOINT WARNING * * *
Unknown command.
You feel better.
The orc priest calls down the wrath of Beogh upon you.
Beogh smites you!
You die...

###...#.###
#....>..#####
#.....#.......
#.......######
###.....#
#.....#
####..#
##..#####
#...@oo.#
#...###.#
#...# .....#
#.##..## # #.#
#. ..


You could see an orc priest and an orc.

Vanquished Creatures
  Menkaure (D:4)
  A sky beast (D:5)
  A crimson imp (D:3)
  2 orc wizards (D:3)
  2 worker ants (D:4)
  3 gnolls (D:4)
  4 adders
  An ooze (D:1)
  2 worms (D:4)
  2 dart slugs
  2 leopard geckos
  5 orcs
  3 ball pythons
  5 bats
  4 giant cockroaches
  6 goblins
  9 hobgoblins
  8 jackals
  9 kobolds
  A quokka (D:2)
  3 frilled lizards (D:1)
  3 rats
77 creatures vanquished.

Notes
Turn   | Place    | Note
-------+----------+-------------------------------------------
     0 | Abyss:1  | Borgoz the Gargoyle Abyssal Knight began the quest for the Orb.
     0 | Abyss:1  | Reached XP level 1. HP: 14/14 MP: 2/2
    42 | Abyss:2  | Noticed a large abomination
    47 | D:1      | Escaped the Abyss
   278 | D:1      | Reached skill level 1 in Dodging
   291 | D:1      | Reached XP level 2. HP: 5/19 MP: 3/3
   495 | D:1      | Reached * piety under Lugonu
   672 | D:1      | Reached XP level 3. HP: 23/23 MP: 4/4
   843 | D:2      | Found a stormy altar of Qazlal.
  1104 | D:2      | Reached XP level 4. HP: 10/29 MP: 5/5
  1379 | D:2      | Found a faded altar of an unknown god.
  1759 | D:2      | Found a deep blue altar of Sif Muna.
  2019 | D:3      | Reached XP level 5. HP: 30/33 MP: 5/7
  2029 | D:3      | Reached ** piety under Lugonu
  2184 | D:3      | Found a radiant altar of Vehumet.
  2184 | D:3      | Found a burning altar of Makhleb.
  2245 | D:3      | Reached skill level 4 in Fighting
  2462 | D:4      | Found an ornate altar of the Wu Jian Council.
  2498 | D:4      | Noticed Menkaure
  2510 | D:4      | Killed Menkaure
  2510 | D:4      | Reached XP level 6. HP: 14/38 MP: 8/8
  3287 | D:4      | Noticed a two-headed ogre
  3305 | D:5      | Entered Level 5 of the Dungeon
  3312 | D:5      | Noticed a sky beast
  3339 | D:5      | Killed a sky beast
  3339 | D:5      | Reached XP level 7. HP: 40/44 MP: 9/9
  3357 | D:5      | HP: 1/44 [orc priest/divine providence (11)]
  3358 | D:5      | Killed from afar by an orc priest

Vault maps used:
D:1:      dpeg_arrival_fog
D:2:      lemuel_blue_sif_altar, nicolae_overflow_crystal_walls,
          serial_corexii_hall, corexii_hall_statues_x, corexii_hall_statues_l,
          chequers_ecumenical_altar_lobes, minmay_misc_feat_room
D:3:      grunt_temple_overflow_lords_of_destruction
D:4:      old_standard_altar, first_ration, uniq_menkaure
D:5:      uniq_prince_ribbit1
Abyss:1:  bh_abyss_xom_lugonu_altar
Abyss:2:  hangedman_eye_storm

Skill      XL: |  1  2  3  4  5  6 |
---------------+-------------------+-----
Dodging        | 1 2 3 |  3.2
Axes           | 2 3 |  3.9
Fighting       | 4 |  4.4
Armour         | 3 |  3.6
Invocations    | 3 |  3.4

Action                   |  1- 3 |  4- 6 |  7- 9 || total
-------------------------+-------+-------+-------++-------
Melee: Hand axe          |   129 |   233 |    12 ||   374
Invok: Depart the Abyss  |     1 |       |       ||     1
  Use: Potion            |       |     1 |     1 ||     2
       Scroll            |       |     1 |       ||     1
  Eat: Chunk             |     1 |     7 |       ||     8
Armor: Leather armour    |    61 |   122 |     2 ||   185
Dodge: Dodged            |    93 |   160 |     6 ||   259

Table legend:
 A = Spawn XP
 B = Non-spawn XP
 C = Spawn XP percentage of total XP
 D = Spawn monster count
 E = Non-spawn monster count
 F = Spawn count percentage of total count
 G = Total turns spent on level
                    A         B        C        D         E        F      G
               +---------+---------+-------+---------+---------+-------+---------
         Total |       0 |     711 |   0.0 |       0 |      77 |   0.0 |  3358
               +---------+---------+-------+---------+---------+-------+---------
           D:1 |       0 |      39 |   0.0 |       0 |      20 |   0.0 |   796
           D:2 |       0 |      73 |   0.0 |       0 |      26 |   0.0 |  1064
           D:3 |       0 |     153 |   0.0 |       0 |      11 |   0.0 |   532
           D:4 |       0 |     307 |   0.0 |       0 |      17 |   0.0 |   866
           D:5 |       0 |     139 |   0.0 |       0 |       3 |   0.0 |    53
               +---------+---------+-------+---------+---------+-------+---------
